 Dungeon Crawl Stone Soup version 0.24.0-37-gcf1ca852f1 (webtiles) character file.

Game seed: 12671883090934878905, levelgen mode: deterministic

1502 Delamore the Cleaver (level 8, -3/64 HPs)
             Began as a Hill Orc Fighter on Nov 30, 2019.
             Was an Initiate of Okawaru.
             Slain by an orc warrior
             ... wielding a +0 glaive
              (14 damage)
             ... on level 6 of the Dungeon.
             The game lasted 00:09:00 (5536 turns).

Delamore the Cleaver (Hill Orc Fighter)             Turns: 5536, Time: 00:09:01

Health: -3/64      AC: 14    Str: 19 (21) XL:     8   Next: 82%
Magic:  8/8        EV:  5    Int:  5 (8)  God:    Okawaru [......]
Gold:   280        SH:  0    Dex: 12 (15) Spells: 7/7 levels left

rFire    . . .     SeeInvis .   y - +3 whip "Watsi" {slash, Dex+5} (curse)
rCold    . . .     Gourm    .   k - +2 buckler {AC+3}
rNeg     . . .     Faith    .   A - +0 plate armour
rPois    .         Spirit   .   (no helmet)
rElec    .         Reflect  .   (no cloak)
rCorr    .         Harm     .   (no gloves)
MR       .....                  (no boots)
Stlth    ..........             u - amulet of regeneration
HPRegen  0.60/turn              l - ring of stealth
MPRegen  0.11/turn              (no ring)

@: confused
A: no striking features
a: Renounce Religion


You were on level 6 of the Dungeon.
You worshipped Okawaru.
Okawaru was noncommittal.
You were hungry.

You visited 2 branches of the dungeon, and saw 7 of its levels.

You collected 280 gold pieces.

Inventory:

Hand Weapons
 a - a +0 war axe
 y - the cursed +3 whip "Watsi" (weapon) {slash, Dex+5}
   (You found it on level 5 of the Dungeon)

   It inflicts extra damage upon your enemies.
   It affects your dexterity (+5).
   It has a curse placed upon it.
Missiles
 q - 28 poisoned darts (quivered)
Armour
 b - a +0 scale mail
 k - a +2 buckler of protection (worn)
 A - a +0 plate armour (worn)
Jewellery
 l - a ring of stealth (left hand)
 t - an uncursed amulet of the acrobat
 u - an amulet of regeneration (around neck)
Wands
 m - a wand of scattershot (6)
 n - a wand of flame (5)
Scrolls
 c - a scroll of teleportation {unknown}
 h - a scroll of amnesia {unknown}
 j - a scroll of blinking
 p - 7 scrolls of identify
 r - a scroll of fog {unknown}
 s - a scroll of remove curse
 v - a scroll of noise {unknown}
 w - 2 scrolls of fear {unknown}
Potions
 d - a potion of might
 e - 2 potions of curing
 g - 2 potions of degeneration
 i - a potion of magic {unknown}
 o - a potion of lignification {unknown}
 z - a potion of mutation {unknown}
Comestibles
 f - 11 rations


   Skills:
 - Level 3.6 Fighting
 + Level 13.5 Axes
 - Level 3.2 Armour
 - Level 3.2 Shields


You had 7 spell levels left.
You didn't know any spells.
Your spell library was empty.

Dungeon Overview and Level Annotations

Branches:
Dungeon (6/15)             Temple (1/1) D:6

Altars:
Ashenzari
Dithmenos
Elyvilon
Kikubaaqudgha
Makhleb
Okawaru
Wu Jian
Yredelemnul
Zin


Message History

You hear some strange, mumbled words.
You are confused.
The orc warrior hits you from afar with a +0 glaive.
Things that are here:
a +0 ring mail; 3 scrolls labeled QELEEF BAXUY You miss something.
Something hits you but does no damage.
You bump into the granite statue.
The orc warrior hits you but does no damage.
Something hits you but does no damage.
You're too confused to attack without stumbling around!
You're too confused to attack without stumbling around!
You bump into the granite statue.
The orc warrior hits you from afar with a +0 glaive!
* * * LOW HITPOINT WARNING * * *
You hear some strange, mumbled words.
Something tries to affect you, but you resist.
Something hits you.
* * * LOW HITPOINT WARNING * * *
The orc warrior hits you from afar with a +0 glaive!
You die...

##.#..###..<......#.
#....##...........>.
#....#(.#...........
#......##...........
###............##.#...
###..#.8.#....###.......
#.......o.........#.....
#....8.>{8....###....#..
#......@[....## ..#.....
#....#.8.#..##
#.....##....# #.....
.....# ###... .......
...#...#...### .... ..
#### ... ...


You could see an orc warrior.

Vanquished Creatures
  Grinder (D:3)
  2 sky beasts (D:5)
  An ogre (D:4)
  A centaur (D:5)
  A bullfrog (D:6)
  3 scorpions
  A howler monkey (D:4)
  3 bullfrog skeletons
  A bullfrog zombie (D:6)
  A hound (D:5)
  An orc priest (D:6)
  5 orc wizards
  4 worker ants
  A worker ant zombie (D:6)
  6 gnolls
  7 adders
  A shadow imp (D:4)
  An ooze (D:5)
  An adder zombie (D:5)
  3 worms
  7 dart slugs
  5 leopard geckos
  17 orcs
  4 giant cockroaches
  9 goblins
  11 hobgoblins
  9 jackals
  7 kobolds
  6 quokkas
  A ball python (D:2)
  10 bats
  9 frilled lizards
  A jackal skeleton (D:6)
  A leopard gecko zombie (D:3)
  8 rats
150 creatures vanquished.

Notes
Turn   | Place    | Note
-------+----------+-------------------------------------------
     0 | D:1      | Delamore the Hill Orc Fighter began the quest for the Orb.
     0 | D:1      | Reached XP level 1. HP: 19/19 MP: 1/1
    17 | D:1      | Reached skill level 3 in Axes
    99 | D:1      | Reached XP level 2. HP: 22/26 MP: 2/2
   247 | D:1      | Reached skill level 4 in Axes
   392 | D:1      | Reached XP level 3. HP: 22/31 MP: 3/3
  1115 | D:2      | Reached skill level 5 in Axes
  1302 | D:2      | Reached XP level 4. HP: 27/39 MP: 4/4
  1303 | D:2      | Reached skill level 6 in Axes
  1645 | D:2      | Found a basalt altar of Yredelemnul.
  1672 | D:2      | Reached XP level 5. HP: 43/45 MP: 5/5
  2345 | D:3      | Noticed Grinder
  2345 | D:3      | Paralysed by Grinder for 3 turns
  2383 | D:3      | Killed Grinder
  2383 | D:3      | Reached skill level 8 in Axes
  2383 | D:3      | Reached XP level 6. HP: 7/51 MP: 6/6
  2384 | D:3      | HP: 2/51 [worm (5)]
  2754 | D:3      | Reached skill level 9 in Axes
  2937 | D:3      | Found an ancient bone altar of Kikubaaqudgha.
  3192 | D:4      | Reached XP level 7. HP: 55/57 MP: 7/7
  3483 | D:4      | Reached skill level 10 in Axes
  3727 | D:4      | Found a burning altar of Makhleb.
  3731 | D:4      | Found a glowing silver altar of Zin.
  3731 | D:4      | Noticed a balrug
  3731 | D:4      | Noticed an angel
  4200 | D:5      | Entered Level 5 of the Dungeon
  4317 | D:4      | Reached skill level 11 in Axes
  4531 | D:5      | Reached XP level 8. HP: 45/64 MP: 8/8
  4730 | D:5      | Reached skill level 12 in Axes
  4909 | D:5      | Found an ornate altar of the Wu Jian Council.
  4945 | D:5      | Got an ichor-stained whip
  4946 | D:5      | Identified the cursed +3 whip "Watsi" {slash, Dex+5} (You
                  | found it on level 5 of the Dungeon)
  5130 | D:6      | Reached skill level 13 in Axes
  5426 | D:6      | Found a staircase to the Ecumenical Temple.
  5434 | Temple   | Entered the Ecumenical Temple
  5453 | Temple   | Became a worshipper of Warmaster Okawaru
  5536 | D:6      | Slain by an orc warrior

Levels and vault maps discovered:
D:1:      dpeg_arrival_long_road, layout_loops_corners
D:2:      layout_basic, yredelemnul_altar_generic, first_ration
D:3:      layout_basic, lemuel_crystal_altar, uniq_grinder
D:4:      layout_loops_cross, grunt_temple_overflow_order_and_chaos_2,
          minmay_strange_pillars, minmay_fractal_squares_gapless_5
D:5:      layout_cave_pools, kennysheep_mini
D:6:      layout_rooms, lemuel_blue_sif_altar,
          minmay_temple_entry_statues_pillars, basic_altar,
          kennysheep_another_room
Temple:   compressed_dpeg_circular_temple

Skill      XL: |  1  2  3  4  5  6  7  8 |
---------------+-------------------------+-----
Axes           | 3 4 5 6 8 9 11 13 | 13.5
Fighting       | |  3.6
Armour         | |  3.2
Shields        | |  3.2

Action                   |  1- 3 |  4- 6 |  7- 9 || total
-------------------------+-------+-------+-------++-------
Melee: War axe           |   156 |   183 |   148 ||   487
       Whip              |       |       |   112 ||   112
Throw: Dart              |       |       |     5 ||     5
  Use: Potion            |       |       |     3 ||     3
       Scroll            |       |       |     2 ||     2
  Eat: Chunk             |     1 |     7 |     7 ||    15
Armor: Scale mail        |    77 |    82 |    82 ||   241
       Plate armour      |       |       |    36 ||    36
Dodge: Dodged            |    71 |    62 |    86 ||   219
Block: Shield            |    68 |       |       ||    68
       Buckler           |    21 |    52 |    62 ||   135
